[Event "ESP-chT Div I 2018"]
[Site "Linares"]
[Date "2018.08.09"]
[Round "4"]
[White "Shvayger, Yuliya"]
[Black "Perez De Aranda A, Leonardo I"]
[Result "1-0"]
[ECO "B91"]
[WhiteElo "2390"]
[BlackElo "2107"]
[Annotator "NA"]
[PlyCount "85"]
[EventDate "2018.08.06"]
[EventType "team-tourn"]
[EventCountry "ESP"]
[SourceTitle "playchess.com"]
[Source "ChessBase"]
[SourceQuality "1"]
[TimeControl "40/5400+30:1800+30"]

1. e4 c5 2. Nf3 d6 3. d4 cxd4 4. Nxd4 Nf6 5. Nc3 a6 6. g3 g6 7. Bg2 Bg7 8. O-O O-O 9. h3 Nc6 10. Be3 Bd7 11. Nde2 Rb8 12. Nd5 b5 13. c3 Ne8 14. Nd4 Nxd4 15. Bxd4 e6 16. Bxg7 Kxg7 17. Ne3 Bc6 18. Qd3 Qb6 19. Rad1 Rb7 20. Kh2 f5 21. f4 Bxe4 22. Bxe4 fxe4 23. Qxe4 Nf6 24. Qxe6 Re8 25. Qxf6+ Kxf6 26. Nd5+ Kf7 27. Nxb6 Re2+ 28. Kg1 Rxb6 29. Rf2 Re3 30. Kg2 h5 31. Rd4 Rc6 32. Rfd2 h4 33. gxh4 Ke7 34. a4 bxa4 35. Rxa4 Ke6 36. Ra5 Re4 37. Kf3 Rcc4 38. Rxa6 Rxf4+ 39. Kg3 Rxh4 40. Rdxd6+ Ke5 41. Rxg6 Rh8 42. Rg5+ Ke4 43. Rg4+ 1-0

[Event "ESP-chT Div I 2018"]
[Site "Linares"]
[Date "2018.08.09"]
[Round "4"]
[White "Alonso Moyano, Jonathan"]
[Black "Alonso Alvarez, Aitor"]
[Result "1/2-1/2"]
[ECO "C10"]
[WhiteElo "2388"]
[BlackElo "2306"]
[Annotator "NA"]
[PlyCount "60"]
[EventDate "2018.08.06"]
[EventType "team-tourn"]
[EventCountry "ESP"]
[SourceTitle "playchess.com"]
[Source "ChessBase"]
[SourceQuality "1"]
[TimeControl "40/5400+30:1800+30"]

1. e4 e6 2. d4 d5 3. Nc3 dxe4 4. Nxe4 Nd7 5. Nf3 Ngf6 6. Nxf6+ Nxf6 7. Bg5 Be7 8. Bd3 O-O 9. Qd2 b6 10. O-O-O Bb7 11. h4 c5 12. dxc5 Qd5 13. Kb1 Qxc5 14. Bxf6 Bxf6 15. Ng5 g6 16. f4 Rfd8 17. h5 Ba6 18. Ne4 Qd4 19. Nxf6+ Qxf6 20. Qe3 Bxd3 21. Rxd3 Rxd3 22. cxd3 Rd8 23. Qe4 Qd4 24. hxg6 hxg6 25. Kc2 Rc8+ 26. Kb1 Rd8 27. Kc2 Rc8+ 28. Kb1 Rd8 29. Kc2 Rc8+ 30. Kb1 Rd8 1/2-1/2

[Event "ESP-chT Div I 2018"]
[Site "Linares"]
[Date "2018.08.09"]
[Round "4"]
[White "Ortega Hermida, Daniel"]
[Black "Granero Roca, Antonio"]
[Result "1-0"]
[ECO "C78"]
[WhiteElo "2334"]
[BlackElo "2383"]
[Annotator "NA"]
[PlyCount "75"]
[EventDate "2018.08.06"]
[EventType "team-tourn"]
[EventCountry "ESP"]
[SourceTitle "playchess.com"]
[Source "ChessBase"]
[SourceQuality "1"]
[TimeControl "40/5400+30:1800+30"]

1. e4 e5 2. Nf3 Nc6 3. Bb5 a6 4. Ba4 Nf6 5. O-O b5 6. Bb3 Be7 7. d3 d6 8. a3 O-O 9. Nc3 Bg4 10. Be3 Qd7 11. Nd5 Nd8 12. h3 Nxd5 13. Bxd5 c6 14. Bb3 Be6 15. d4 Bxb3 16. cxb3 f5 17. dxe5 fxe4 18. Nd2 d5 19. Nxe4 Ne6 20. f4 Qc7 21. Qg4 Nxf4 22. Rxf4 Qxe5 23. Re1 dxe4 24. Rxe4 Qd6 25. Re6 Qd7 26. Bd4 Rf7 27. Bxg7 Rxg7 28. Qxg7+ Kxg7 29. Rxe7+ Qxe7 30. Rxe7+ Kg6 31. Rc7 h6 32. Rxc6+ Kg5 33. Kh2 Ra7 34. b4 Ra8 35. Kg3 h5 36. Rc5+ Kg6 37. Kh4 Re8 38. Rc6+ 1-0

[Event "ESP-chT Div I 2018"]
[Site "Linares"]
[Date "2018.08.09"]
[Round "4"]
[White "Cano Sanchez, Josue"]
[Black "Gutierrez Olivares, Daniel"]
[Result "1-0"]
[ECO "A41"]
[WhiteElo "2312"]
[BlackElo "2297"]
[Annotator "NA"]
[PlyCount "147"]
[EventDate "2018.08.06"]
[EventType "team-tourn"]
[EventCountry "ESP"]
[SourceTitle "playchess.com"]
[Source "ChessBase"]
[SourceQuality "1"]
[TimeControl "40/5400+30:1800+30"]

1. d4 d6 2. Bg5 h6 3. Bh4 g6 4. e4 Bg7 5. c3 a6 6. a4 b6 7. Nd2 c5 8. dxc5 bxc5 9. Ngf3 Nc6 10. Nc4 Qc7 11. Bg3 Be6 12. Bd3 Nf6 13. e5 dxe5 14. Nfxe5 Nxe5 15. Bxe5 Qb7 16. O-O O-O 17. Qe2 Bd5 18. Ne3 Be4 19. Bxf6 Bxd3 20. Qxd3 exf6 21. Rfd1 f5 22. Nc4 Bf6 23. Qd5 Qb3 24. Ra3 Qc2 25. Qd3 Qxd3 26. Rxd3 Rfe8 27. Re3 Bg5 28. Rxe8+ Rxe8 29. Kf1 Re4 30. Nd6 Re6 31. Nc4 Re4 32. Nd6 Re7 33. Ra1 Bf4 34. Nc4 Re4 35. b3 Bxh2 36. g3 f4 37. Nd2 Re6 38. g4 f3 39. Nxf3 Bf4 40. Rd1 Rb6 41. Rb1 Kg7 42. Ke2 Re6+ 43. Kd3 Bd6 44. b4 cxb4 45. cxb4 Rf6 46. Nd2 Rf4 47. Ne4 Bb8 48. b5 axb5 49. Rxb5 Ba7 50. a5 Bxf2 51. a6 Bg1 52. g5 hxg5 53. Rxg5 Ba7 54. Rd5 Rf3+ 55. Kc4 Re3 56. Nd6 Re6 57. Kb5 f5 58. Nxf5+ gxf5 59. Rd7+ Kg6 60. Rxa7 f4 61. Ra8 Re1 62. Rg8+ Kf5 63. a7 Ra1 64. a8=Q Rxa8 65. Rxa8 Ke4 66. Kc4 Ke3 67. Re8+ Kd2 68. Rf8 Ke3 69. Kc3 f3 70. Re8+ Kf2 71. Kd2 Kg2 72. Ke3 f2 73. Rg8+ Kf1 74. Rf8 1-0

[Event "ESP-chT Div I 2018"]
[Site "Linares"]
[Date "2018.08.09"]
[Round "4"]
[White "Aranaz Murillo, Amalia"]
[Black "Garcia Perez, Javier"]
[Result "1-0"]
[ECO "A05"]
[WhiteElo "2227"]
[BlackElo "2090"]
[Annotator "NA"]
[PlyCount "63"]
[EventDate "2018.08.06"]
[EventType "team-tourn"]
[EventCountry "ESP"]
[SourceTitle "playchess.com"]
[Source "ChessBase"]
[SourceQuality "1"]
[TimeControl "40/5400+30:1800+30"]

1. Nf3 Nf6 2. c4 c5 3. g3 Nc6 4. Bg2 d6 5. d4 cxd4 6. Nxd4 Bd7 7. O-O g6 8. Nc3 Bg7 9. Nb3 b6 10. Bf4 Rc8 11. Rc1 Nh5 12. Nd2 Nxf4 13. gxf4 O-O 14. b3 Bg4 15. Nf3 Qd7 16. e3 Qf5 17. Ne2 e5 18. Ng3 Qe6 19. fxe5 dxe5 20. Ng5 Qd7 21. Qxd7 Bxd7 22. Rfd1 Rfd8 23. N3e4 h6 24. Nd6 Bg4 25. Ngxf7 Bxd1 26. Nxd8 Rxd8 27. Rxd1 Ne7 28. Bd5+ Kf8 29. Nb5 Nc6 30. Nc7 Rc8 31. Ne6+ Kg8 32. Nd8+ 1-0

[Event "ESP-chT Div I 2018"]
[Site "Linares"]
[Date "2018.08.09"]
[Round "4"]
[White "Rivas Garcia, Victor"]
[Black "Badillo Ramos, Steve"]
[Result "1/2-1/2"]
[ECO "B22"]
[WhiteElo "2217"]
[BlackElo "1901"]
[Annotator "NA"]
[PlyCount "102"]
[EventDate "2018.08.06"]
[EventType "team-tourn"]
[EventCountry "ESP"]
[SourceTitle "playchess.com"]
[Source "ChessBase"]
[SourceQuality "1"]
[TimeControl "40/5400+30:1800+30"]

1. e4 c5 2. c3 Nf6 3. e5 Nd5 4. Nf3 e6 5. d4 cxd4 6. cxd4 d6 7. Bc4 Be7 8. O-O O-O 9. Qe2 Nc6 10. Qe4 dxe5 11. dxe5 Qc7 12. Bd3 f5 13. exf6 Nxf6 14. Qe2 e5 15. h3 Be6 16. Nc3 a6 17. Be3 Nd5 18. Bc4 Rad8 19. Rfd1 Qa5 20. Nxd5 Bxd5 21. Bxd5+ Rxd5 22. Qc4 Rfd8 23. Bb6 Qb5 24. Qxb5 Rxd1+ 25. Qf1 Rxf1+ 26. Kxf1 Rd5 27. Be3 Bf6 28. Nd2 Nb4 29. Ne4 Nc2 30. Rc1 Nxe3+ 31. fxe3 Rd7 32. Ke2 Kf7 33. Rc8 Be7 34. a3 h6 35. Nc3 b5 36. Rc6 Rd6 37. Rc7 Ke6 38. e4 Rd7 39. Rc8 Rd8 40. Rxd8 Bxd8 41. Nd5 a5 42. Nc3 Kd6 43. Nxb5+ Kc5 44. Nc3 Kc4 45. Kd2 Kb3 46. Kc1 Bb6 47. Ne2 g6 48. Kb1 Be3 49. g4 h5 50. gxh5 gxh5 51. a4 Kxa4 1/2-1/2

[Event "ESP-chT Div I 2018"]
[Site "Linares"]
[Date "2018.08.09"]
[Round "4"]
[White "Gonzalez Merino, Alberto"]
[Black "Ortega Ruiz, Jose Miguel"]
[Result "0-1"]
[ECO "E00"]
[WhiteElo "2199"]
[BlackElo "2280"]
[Annotator "NA"]
[PlyCount "52"]
[EventDate "2018.08.06"]
[EventType "team-tourn"]
[EventCountry "ESP"]
[SourceTitle "playchess.com"]
[Source "ChessBase"]
[SourceQuality "1"]
[TimeControl "40/5400+30:1800+30"]

1. d4 Nf6 2. c4 e6 3. Nc3 c5 4. Nf3 cxd4 5. Nxd4 Bb4 6. Bd2 Nc6 7. e3 O-O 8. Qb3 Bc5 9. Nf3 d5 10. cxd5 exd5 11. Na4 Bd6 12. Bb5 Ne4 13. Bxc6 bxc6 14. Rc1 Ba6 15. Rxc6 Bc4 16. Rxc4 dxc4 17. Qxc4 Nxd2 18. Kxd2 Rc8 19. Qb3 Qa5+ 20. Nc3 Rfd8 21. Ke2 Bb4 22. Rc1 Qa6+ 23. Ke1 Ba5 24. Nd4 Rxd4 25. exd4 Re8+ 26. Kd1 Qd3# 0-1

[Event "ESP-chT Div I 2018"]
[Site "Linares"]
[Date "2018.08.09"]
[Round "4"]
[White "Vega Gutierrez, Belinda"]
[Black "Garcia Molina, Jose"]
[Result "1/2-1/2"]
[ECO "B20"]
[WhiteElo "2165"]
[BlackElo "1969"]
[Annotator "NA"]
[PlyCount "146"]
[EventDate "2018.08.06"]
[EventType "team-tourn"]
[EventCountry "ESP"]
[SourceTitle "playchess.com"]
[Source "ChessBase"]
[SourceQuality "1"]
[TimeControl "40/5400+30:1800+30"]

1. e4 c5 2. Ne2 d6 3. g3 g6 4. Bg2 Bg7 5. c3 e5 6. d4 Qc7 7. O-O Ne7 8. Na3 O-O 9. Bg5 a6 10. Qd2 Nbc6 11. d5 Na7 12. h3 f5 13. exf5 Nxf5 14. g4 h6 15. gxf5 hxg5 16. fxg6 Qe7 17. Ng3 Rf4 18. Rae1 Bd7 19. Re4 Raf8 20. Qe2 Bh6 21. Nc2 Qg7 22. Qh5 Be8 23. Rxf4 exf4 24. Ne4 Bxg6 25. Qf3 Nc8 26. Re1 Bf5 27. Qe2 g4 28. hxg4 Bxg4 29. f3 Bf5 30. Kf2 Kh8 31. Rh1 Rg8 32. Ne1 Qg6 33. Kf1 Ne7 34. c4 Kg7 35. Qf2 Kf8 36. Qh4 Bg5 37. Nxg5 Qxg5 38. Qh6+ Ke8 39. Qxg5 Rxg5 40. Rh8+ Rg8 41. Rh5 b5 42. cxb5 axb5 43. Kf2 Bg6 44. Rh4 Nxd5 45. Bf1 c4 46. a4 Rf8 47. axb5 Nb6 48. Ng2 Rf5 49. Rxf4 Rxb5 50. Bxc4 Rxb2+ 51. Kg3 d5 52. Bf1 Ke7 53. Rd4 Kf6 54. Nf4 Bf7 55. Rd1 Rb3 56. Ba6 Ke5 57. Nd3+ Kd6 58. Nf4 Rb4 59. Bf1 Nc8 60. Bd3 Ne7 61. Bh7 Nc6 62. Be4 d4 63. Bxc6 Kxc6 64. Nd3 Rb5 65. Kf4 Bg8 66. Ke4 Bd5+ 67. Kxd4 Bxf3 68. Ne5+ Kd6 69. Nc4+ Ke6 70. Re1+ Kf6 71. Rf1 Rf5 72. Nd6 Rd5+ 73. Ke3 Ke5 1/2-1/2

[Event "ESP-chT Div I 2018"]
[Site "Linares"]
[Date "2018.08.09"]
[Round "4"]
[White "Prado Acebo, Ines"]
[Black "Cao Armillas, Jesus"]
[Result "1/2-1/2"]
[ECO "A43"]
[WhiteElo "2084"]
[BlackElo "2043"]
[Annotator "NA"]
[PlyCount "134"]
[EventDate "2018.08.06"]
[EventType "team-tourn"]
[EventCountry "ESP"]
[SourceTitle "playchess.com"]
[Source "ChessBase"]
[SourceQuality "1"]
[TimeControl "40/5400+30:1800+30"]

1. d4 Nf6 2. c4 c5 3. d5 d6 4. Nc3 g6 5. Nf3 Bg7 6. h3 O-O 7. e4 e6 8. Bg5 h6 9. Be3 Re8 10. Bd3 Na6 11. Qd2 Kh7 12. O-O Nc7 13. e5 dxe5 14. d6 Ncd5 15. cxd5 exd5 16. Bxc5 e4 17. Be2 exf3 18. Bxf3 Ne4 19. Bxe4 dxe4 20. Rfd1 Bd7 21. Rac1 Re6 22. Nd5 Rc8 23. Nc7 Rf6 24. Bxa7 Bf8 25. Bc5 Bc6 26. d7 Qxc7 27. dxc8=Q Qxc8 28. Qd8 Qxd8 29. Rxd8 Bg7 30. Bd4 Re6 31. Bxg7 Kxg7 32. Rc3 f5 33. b4 Kf6 34. Rc5 b6 35. Rc2 f4 36. Kf1 e3 37. fxe3 fxe3 38. Ke1 Ke5 39. Rc8 Bb5 40. Rf8 Kd4 41. Rc7 Ke4 42. Rf3 h5 43. Rc3 Kd4 44. Rc1 Kd3 45. Rf4 Ba4 46. Rcc4 Rd6 47. g4 hxg4 48. hxg4 Bb5 49. Rc7 Bc6 50. g5 Be4 51. Rff7 Bf5 52. Rfe7 Rd4 53. a3 Rh4 54. Rh7 Rg4 55. Rh1 Rg2 56. Kd1 Rd2+ 57. Kc1 Ra2 58. Kb1 Rxa3 59. Kb2 Ra8 60. Rd1+ Ke2 61. Rcc1 Bd3 62. Re1+ Kf2 63. Kc3 Bb5 64. Kd4 Rd8+ 65. Ke5 e2 66. Kf6 Rd6+ 67. Ke5 Rd2 {[%emt 0:00:12] Kd5} 1/2-1/2

[Event "ESP-chT Div I 2018"]
[Site "Linares"]
[Date "2018.08.09"]
[Round "4"]
[White "Martin Capitan, Feliciano"]
[Black "Bermudez Revuelta, Paula"]
[Result "1-0"]
[ECO "A36"]
[WhiteElo "2066"]
[BlackElo "1887"]
[Annotator "NA"]
[PlyCount "111"]
[EventDate "2018.08.06"]
[EventType "team-tourn"]
[EventCountry "ESP"]
[SourceTitle "playchess.com"]
[Source "ChessBase"]
[SourceQuality "1"]
[TimeControl "40/5400+30:1800+30"]

1. g3 c5 2. Bg2 g6 3. c4 Bg7 4. Nc3 Nc6 5. d3 d6 6. Nf3 Nf6 7. O-O O-O 8. Bd2 d5 9. cxd5 Nxd5 10. Nxd5 Qxd5 11. Bc3 Rb8 12. Ne5 Qd6 13. Nxc6 bxc6 14. Bxg7 Kxg7 15. Qc2 Bf5 16. b3 Rfc8 17. Rfc1 Rb5 18. Qc3+ Kg8 19. h4 Qe6 20. Bf3 Bg4 21. Bxg4 Qxg4 22. Rc2 Qf5 23. Rac1 h5 24. Qd2 Qe5 25. Rc4 a5 26. Re4 Qf6 27. Qc3 Qd6 28. Qe5 Qxe5 29. Rxe5 c4 30. Rxb5 cxb5 31. dxc4 Kf8 32. Kf1 e5 33. Ke1 Ke7 34. Kd2 b4 35. Kc2 a4 36. Rd1 Rc5 37. e4 a3 38. Rd5 Rxd5 39. cxd5 f5 40. f3 Kd6 41. Kd3 Kc5 42. Ke3 Kd6 43. f4 exf4+ 44. Kxf4 Kc5 45. exf5 gxf5 46. Ke5 Kb6 47. Kxf5 Kc5 48. Ke5 Kb6 49. Ke6 Kc5 50. d6 Kd4 51. d7 Kc3 52. d8=Q Kb2 53. Qd2+ Kb1 54. Kd5 Ka1 55. Kc4 Kb1 56. Kxb4 1-0

[Event "ESP-chT Div I 2018"]
[Site "Linares"]
[Date "2018.08.09"]
[Round "4"]
[White "Rodrigo Yanguas, Maria"]
[Black "Argandona Riveiro, Inigo"]
[Result "0-1"]
[ECO "B22"]
[WhiteElo "2062"]
[BlackElo "2415"]
[Annotator "NA"]
[PlyCount "72"]
[EventDate "2018.08.06"]
[EventType "team-tourn"]
[EventCountry "ESP"]
[SourceTitle "playchess.com"]
[Source "ChessBase"]
[SourceQuality "1"]
[TimeControl "40/5400+30:1800+30"]

1. e4 c5 2. c3 d6 3. d4 Nf6 4. Bd3 Nbd7 5. Nf3 Qc7 6. O-O a6 7. Re1 c4 8. Bc2 e5 9. a4 Be7 10. Qe2 Rb8 11. b3 cxb3 12. Bxb3 O-O 13. Nh4 Nb6 14. a5 Na8 15. Nf5 Bxf5 16. exf5 b5 17. g4 h6 18. h4 Qd7 19. Nd2 exd4 20. g5 dxc3 21. Nf3 Qxf5 22. gxf6 Qg4+ 23. Kh1 Bxf6 24. Be3 Rbe8 25. Rad1 Qh3+ 26. Nh2 Be5 27. f4 Bxf4 28. Rd3 Qxh4 29. Rxc3 Bxh2 30. Kg2 Be5 31. Rcc1 Qg3+ 32. Kh1 Qh3+ 33. Kg1 Bd4 34. Bxd4 Rxe2 35. Rxe2 Qg4+ 36. Kf1 Qxd4 0-1

[Event "ESP-chT Div I 2018"]
[Site "Linares"]
[Date "2018.08.09"]
[Round "4"]
[White "Vergara Anton, Diego"]
[Black "Bergez, Luc"]
[Result "0-1"]
[ECO "A43"]
[WhiteElo "2022"]
[BlackElo "2327"]
[Annotator "NA"]
[PlyCount "124"]
[EventDate "2018.08.06"]
[EventType "team-tourn"]
[EventCountry "ESP"]
[SourceTitle "playchess.com"]
[Source "ChessBase"]
[SourceQuality "1"]
[TimeControl "40/5400+30:1800+30"]

1. d4 c5 2. dxc5 Qa5+ 3. c3 Qxc5 4. e4 Nf6 5. Bd3 g6 6. Be3 Qc7 7. Na3 Nc6 8. h3 d5 9. exd5 Nxd5 10. Qd2 Nxe3 11. Qxe3 Bg7 12. Nb5 Qb8 13. Nf3 O-O 14. O-O e5 15. Rad1 Be6 16. Bb1 Bc4 17. Bd3 Be6 18. Bb1 Rd8 19. Rxd8+ Qxd8 20. Qe2 Qe7 21. Rd1 f5 22. Bc2 a6 23. Na3 Bxa2 24. Nd2 Be6 25. Bb3 b5 26. Nc2 Rd8 27. Bxe6+ Qxe6 28. Nf3 Rd6 29. Rxd6 Qxd6 30. Qd2 Qxd2 31. Nxd2 Kf7 32. Kf1 Ke6 33. Ke2 Bf8 34. g4 Bc5 35. Nf3 h6 36. Nh4 Ne7 37. gxf5+ gxf5 38. Ne1 Nd5 39. Nd3 Bd6 40. Ng2 e4 41. Nde1 Nb6 42. Nc2 Na4 43. Nd4+ Kf6 44. Ne3 f4 45. Ng4+ Kg6 46. Nxh6 Nxb2 47. Ng4 Nc4 48. f3 Ne5 49. fxe4 Nxg4 50. hxg4 Be5 51. Ne6 a5 52. Nd8 a4 53. Nc6 Bxc3 54. Kd3 f3 55. Ne7+ Kg5 56. Nf5 Be5 57. Ne3 a3 58. Nc2 a2 59. Ke3 Kxg4 60. Kf2 b4 61. Ne3+ Kg5 62. Kxf3 a1=Q 0-1

[Event "ESP-chT Div I 2018"]
[Site "Linares"]
[Date "2018.08.09"]
[Round "4"]
[White "Gonzalez Guedes, Iyan"]
[Black "Garcia-Castany Musellas, Gal la"]
[Result "0-1"]
[ECO "C50"]
[WhiteElo "1925"]
[BlackElo "2203"]
[Annotator "NA"]
[PlyCount "104"]
[EventDate "2018.08.06"]
[EventType "team-tourn"]
[EventCountry "ESP"]
[SourceTitle "playchess.com"]
[Source "ChessBase"]
[SourceQuality "1"]
[TimeControl "40/5400+30:1800+30"]

1. e4 e5 2. Nf3 Nc6 3. Bc4 Bc5 4. O-O Nf6 5. d4 Bxd4 6. Nxd4 Nxd4 7. f4 d6 8. fxe5 dxe5 9. Bg5 Qe7 10. Na3 Be6 11. c3 Bxc4 12. Nxc4 Qc5 13. cxd4 Qxc4 14. Rc1 Qxa2 15. Rxc7 Qxb2 16. Qa4+ b5 17. Qa6 Qxd4+ 18. Kh1 Qb6 19. Rc8+ Ke7 20. Qxb6 axb6 21. Rc7+ Kd6 22. Rxf7 Nxe4 23. Be3 b4 24. Rb1 Rhf8 25. Rb7 Ra6 26. g3 Nc3 27. Rxb4 Nd5 28. Rb3 Rf3 29. Bc5+ Kc6 30. Rxf3 Kxb7 31. Bf2 Nf6 32. Kg2 e4 33. Rb3 Kc6 34. Rc3+ Kd5 35. Rb3 Kc4 36. Rxb6 Rxb6 37. Bxb6 Kd3 38. h3 Ke2 39. Bd4 e3 40. g4 Kd2 41. Kf3 e2 42. Bf2 e1=Q 43. Bxe1+ Kxe1 44. h4 Kf1 45. h5 h6 46. Kf4 Kg2 47. g5 Ng8 48. gxh6 gxh6 49. Kg4 Ne7 50. Kh4 Kf3 51. Kh3 Kf4 52. Kh4 Kf5 0-1

[Event "ESP-chT Div I 2018"]
[Site "Linares"]
[Date "2018.08.10"]
[Round "5"]
[White "Vazquez Igarza, Renier"]
[Black "Plazuelo Pascual, Juan"]
[Result "1/2-1/2"]
[ECO "A50"]
[WhiteElo "2577"]
[BlackElo "2429"]
[Annotator "ChessBase"]
[PlyCount "57"]
[EventDate "2018.08.06"]
[EventType "team-tourn"]
[EventCountry "ESP"]
[SourceTitle "playchess.com"]
[Source "ChessBase"]
[SourceQuality "1"]
[TimeControl "40/5400+30:1800+30"]

1. d4 Nf6 2. c4 b6 3. f3 Bb7 4. e4 e6 5. Nc3 Be7 6. Be3 O-O 7. Qd2 d5 8. cxd5 exd5 9. e5 Ne8 10. f4 c5 11. Nf3 f5 12. Bd3 Nc7 13. Bc2 Nba6 14. Rd1 Qd7 15. O-O Rad8 16. a3 Qc8 17. Bb3 Qa8 18. Ba2 Kh8 19. Qf2 Ne6 20. Kh1 Nac7 21. Rd2 Bc6 22. h3 g6 23. Kh2 Qb7 24. Rfd1 a6 25. Bb1 Rf7 26. Ba2 Rff8 27. Bb1 Rf7 28. Ba2 Rff8 29. Bb1 1/2-1/2

[Event "ESP-chT Div I 2018"]
[Site "Linares"]
[Date "2018.08.10"]
[Round "5"]
[White "Alsina Leal, Daniel"]
[Black "Martinez Alcantara, Jose Eduardo"]
[Result "1/2-1/2"]
[ECO "B22"]
[WhiteElo "2480"]
[BlackElo "2561"]
[Annotator "RC"]
[PlyCount "111"]
[EventDate "2018.08.06"]
[EventType "team-tourn"]
[EventCountry "ESP"]
[SourceTitle "playchess.com"]
[Source "ChessBase"]
[SourceQuality "1"]
[TimeControl "40/5400+30:1800+30"]

1. e4 c5 2. c3 d5 3. exd5 Qxd5 4. d4 Nf6 5. Nf3 e6 6. Na3 a6 7. Nc4 Nbd7 8. Be2 b5 9. Ne3 Qc6 10. a4 Rb8 11. axb5 axb5 12. O-O Be7 13. dxc5 Qxc5 14. Nd4 O-O 15. Ra5 Qc7 16. Rxb5 Ra8 17. Bf3 Ra6 18. Re1 Nc5 19. Qe2 Rd8 20. Nec2 Bd6 21. Nb4 Ra4 22. b3 Ra1 23. Qb2 Rxc1 24. Qxc1 e5 25. Ndc6 e4 26. Be2 Re8 27. Qe3 Ne6 28. g3 Bd7 29. Rd1 Bxb4 30. Nxb4 Bxb5 31. Bxb5 Rd8 32. Rxd8+ Qxd8 33. Be2 h6 34. Kg2 Qd7 35. Nc2 Nd5 36. Qxe4 Nxc3 37. Qa8+ Kh7 38. Qf3 Nxe2 39. Qxe2 Ng5 40. f3 g6 41. Ne1 h5 42. Qe3 Qf5 43. Nd3 Qh3+ 44. Kg1 Qf5 45. Kg2 Qh3+ 46. Kg1 Qf5 47. f4 Ne6 48. Nf2 Qb1+ 49. Kg2 Qb2 50. h3 Nd4 51. Qe5 Qc3 52. Qd5 Kg8 53. b4 Nf5 54. Qd3 Qxb4 55. g4 hxg4 56. hxg4 1/2-1/2

[Event "ESP-chT Div I 2018"]
[Site "Linares"]
[Date "2018.08.10"]
[Round "5"]
[White "Moreno Ruiz, Javier"]
[Black "Almagro Llamas, Pablo"]
[Result "1-0"]
[ECO "A45"]
[WhiteElo "2450"]
[BlackElo "2442"]
[Annotator "RC"]
[PlyCount "101"]
[EventDate "2018.08.06"]
[EventType "team-tourn"]
[EventCountry "ESP"]
[SourceTitle "playchess.com"]
[Source "ChessBase"]
[SourceQuality "1"]
[TimeControl "40/5400+30:1800+30"]

1. d4 Nf6 2. Bf4 g6 3. e3 Bg7 4. Nf3 d6 5. h3 O-O 6. Be2 Nbd7 7. O-O b6 8. c4 Bb7 9. Nc3 Ne4 10. Nxe4 Bxe4 11. Nd2 Bb7 12. Bf3 Bxf3 13. Nxf3 c5 14. Qa4 a6 15. Rfd1 Qc7 16. Bg5 Nf6 17. Rac1 Qb7 18. Qc2 Ne4 19. Bf4 b5 20. d5 f5 21. Ng5 Nxg5 22. Bxg5 h6 23. Bh4 g5 24. Bg3 bxc4 25. Rb1 Qb5 26. f4 Rab8 27. fxg5 hxg5 28. Rf1 Qd7 29. Qxc4 Rb4 30. Qe2 Qb7 31. Qh5 Qxd5 32. Qxg5 Re4 33. Rf3 Qxa2 34. Rbf1 Qe6 35. Bf4 Qf6 36. Qh5 Qf7 37. Qg5 Qf6 38. Qh5 e5 39. Bg5 Qf7 40. Qxf7+ Rxf7 41. Rxf5 Rxf5 42. Rxf5 Rb4 43. Be7 Rxb2 44. Bxd6 c4 45. Rg5 Rb1+ 46. Kf2 Kf7 47. Bxe5 Bxe5 48. Rxe5 c3 49. Rc5 Rc1 50. Ke2 c2 51. Kd3 1-0

[Event "ESP-chT Div I 2018"]
[Site "Linares"]
[Date "2018.08.10"]
[Round "5"]
[White "Argandona Riveiro, Inigo"]
[Black "Vega Gutierrez, Belinda"]
[Result "1-0"]
[ECO "C44"]
[WhiteElo "2415"]
[BlackElo "2165"]
[Annotator "NA"]
[PlyCount "65"]
[EventDate "2018.08.06"]
[EventType "team-tourn"]
[EventCountry "ESP"]
[SourceTitle "playchess.com"]
[Source "ChessBase"]
[SourceQuality "1"]
[TimeControl "40/5400+30:1800+30"]

1. e4 e5 2. Nf3 Nc6 3. Be2 f5 4. d4 fxe4 5. Nxe5 Qf6 6. Nc3 Bb4 7. O-O Bxc3 8. bxc3 Nxe5 9. dxe5 Qxe5 10. Be3 Nf6 11. Bd4 Qe7 12. Bxf6 Qxf6 13. Qd5 Kd8 14. Qxe4 Re8 15. Qd3 a5 16. Bg4 Ra6 17. Rae1 Rh8 18. Re3 d6 19. Bf3 c6 20. c4 Kc7 21. Rfe1 a4 22. Re7+ Kb8 23. Qe3 Rd8 24. h3 Rd7 25. Re6 Qb2 26. Re8 Qxc2 27. Rxc8+ Kxc8 28. Qe8+ Kc7 29. Bg4 Qxa2 30. Qxd7+ Kb6 31. Qxd6 Qxc4 32. Rb1+ Ka7 33. Qc7 1-0

[Event "ESP-chT Div I 2018"]
[Site "Linares"]
[Date "2018.08.10"]
[Round "5"]
[White "Bernal Moro, Luis Javier"]
[Black "Andres Gonzalez, Ivan"]
[Result "1-0"]
[ECO "A28"]
[WhiteElo "2413"]
[BlackElo "2349"]
[Annotator "NA"]
[PlyCount "61"]
[EventDate "2018.08.06"]
[EventType "team-tourn"]
[EventCountry "ESP"]
[SourceTitle "playchess.com"]
[Source "ChessBase"]
[SourceQuality "1"]
[TimeControl "40/5400+30:1800+30"]

1. c4 e5 2. Nc3 Nf6 3. Nf3 Nc6 4. e3 Bb4 5. Qc2 Bxc3 6. Qxc3 Qe7 7. b3 d5 8. d4 Ne4 9. Qb2 exd4 10. cxd5 Nb4 11. Nxd4 Nxd5 12. Bb5+ Bd7 13. Bxd7+ Qxd7 14. Qc2 f5 15. Ba3 c5 16. Ne2 Qb5 17. O-O O-O 18. Ng3 Nxg3 19. hxg3 b6 20. Rfd1 Rad8 21. Bb2 Qb4 22. Rd3 Qe4 23. Rad1 Nf6 24. f3 Qe7 25. Rxd8 Rxd8 26. Rxd8+ Qxd8 27. Qxf5 Qd6 28. g4 Nd5 29. Qg5 Qd7 30. Bxg7 Nb4 31. Bc3+ 1-0

[Event "ESP-chT Div I 2018"]
[Site "Linares"]
[Date "2018.08.10"]
[Round "5"]
[White "Martin Fuentes, Alberto"]
[Black "Vergara Anton, Diego"]
[Result "1/2-1/2"]
[ECO "C00"]
[WhiteElo "2391"]
[BlackElo "2022"]
[Annotator "NA"]
[PlyCount "151"]
[EventDate "2018.08.06"]
[EventType "team-tourn"]
[EventCountry "ESP"]
[SourceTitle "playchess.com"]
[Source "ChessBase"]
[SourceQuality "1"]
[TimeControl "40/5400+30:1800+30"]

1. e4 e6 2. Nf3 d5 3. e5 c5 4. b4 c4 5. c3 a5 6. b5 Bc5 7. d4 cxd3 8. Bxd3 f5 9. O-O Ne7 10. Qe2 O-O 11. Nbd2 a4 12. Rb1 Ng6 13. g3 Nd7 14. Re1 Qc7 15. Nf1 Be7 16. h4 Nc5 17. h5 Nh8 18. b6 Qd8 19. c4 Ne4 20. cxd5 Nc3 21. Qb2 Nxd5 22. Bc4 Qe8 23. Bxd5 exd5 24. Qd2 Be6 25. Nd4 Bc5 26. h6 g6 27. Rd1 Nf7 28. Nxe6 Qxe6 29. Qxd5 Qxe5 30. Bf4 Qxd5 31. Rxd5 Rfc8 32. Rd7 g5 33. Be3 Rab8 34. Rc1 Bf8 35. Rxb7 Bxh6 36. Rxc8+ Rxc8 37. Rc7 Rb8 38. Bc5 Nd8 39. b7 Nxb7 40. Ba7 Re8 41. Rxb7 Re2 42. a3 Bf8 43. Be3 f4 44. gxf4 gxf4 45. Bd4 Bxa3 46. Ra7 Re6 47. Rxa4 Rg6+ 48. Kh1 Bd6 49. Ra6 Be7 50. Rxg6+ hxg6 51. Kg2 Kf7 52. Kf3 g5 53. Kg4 Kg6 54. f3 Bd8 55. Nd2 Be7 56. Nc4 Bb4 57. Ne5+ Kh6 58. Nf7+ Kg6 59. Nxg5 Bd6 60. Nh3 Bc7 61. Nxf4+ Kf7 62. Kf5 Bd6 63. Ke4 Bb4 64. Nd3 Bd2 65. Be3 Ba5 66. f4 Bc7 67. f5 Kf6 68. Bd4+ Ke7 69. Bf2 Kf7 70. Ne5+ Kf8 71. Kd5 Bd8 72. Ke6 Kg7 73. Bc5 Bf6 74. Be7 Bxe5 75. Kxe5 Kf7 76. Ba3 1/2-1/2

[Event "ESP-chT Div I 2018"]
[Site "Linares"]
[Date "2018.08.10"]
[Round "5"]
[White "Granero Roca, Antonio"]
[Black "Rivas Garcia, Victor"]
[Result "1-0"]
[ECO "A80"]
[WhiteElo "2383"]
[BlackElo "2217"]
[Annotator "NA"]
[PlyCount "75"]
[EventDate "2018.08.06"]
[EventType "team-tourn"]
[EventCountry "ESP"]
[SourceTitle "playchess.com"]
[Source "ChessBase"]
[SourceQuality "1"]
[TimeControl "40/5400+30:1800+30"]

1. d4 f5 2. Nf3 Nf6 3. g3 d6 4. Bg2 g6 5. O-O Bg7 6. c3 O-O 7. Nbd2 Nc6 8. b4 a6 9. Qb3+ e6 10. a4 Kh8 11. Ba3 Qe8 12. b5 Na5 13. Qb2 Bd7 14. c4 e5 15. Bb4 b6 16. dxe5 Ne4 17. Qc2 Nc5 18. exd6 cxd6 19. Bc3 Rc8 20. Bxg7+ Kxg7 21. Qb2+ Kg8 22. Nd4 Ne4 23. bxa6 Qe5 24. e3 Nxd2 25. Qxd2 Nxc4 26. Qb4 d5 27. Rad1 Rfd8 28. Nf3 Qb2 29. Qxb2 Nxb2 30. Rxd5 Bc6 31. Rxd8+ Rxd8 32. Rc1 Be4 33. a7 Nxa4 34. Nd4 Nc5 35. Bxe4 fxe4 36. Nb5 Ra8 37. Ra1 Nb3 38. Nc7 1-0